 Dungeon Crawl Stone Soup version 0.27.0-1-g7a089689b8 (webtiles) character file.

Game seed: 5207913645000552182

46 gimp the Poker (level 3, 0/22 HPs)
             Began as a Tengu Warper on Aug 7, 2021.
             Slain by an adder (4 damage)
             ... on level 2 of the Dungeon.
             The game lasted 00:01:02 (994 turns).

gimp the Poker (Tengu Warper)                        Turns: 994, Time: 00:01:03

Health: 0/22       AC:  3    Str: 11    XL:     3   Next: 68%
Magic:  7/7        EV: 11    Int: 14    God:
Gold:   39         SH:  0    Dex: 13    Spells: 6/6 levels left

rFire    . . .     SeeInvis .   a - +0 spear
rCold    . . .     Faith    .   (no shield)
rNeg     . . .     Spirit   .   b - +0 leather armour
rPois    .         Reflect  .   (helmet restricted)
rElec    .         Harm     .   (no cloak)
rCorr    .         Rampage  .   (no gloves)
Will     .....                  (boots unavailable)
Stlth    +.........             (no amulet)
HPRegen  0.07/turn              (no ring)
MPRegen  0.10/turn              (no ring)

@: confused, lethally poisoned (0 -> -10), ambrosia-drunk
A: beak, talons 3, antennae 2, evolution 1, MP-powered wands
a: no special abilities


You were on level 2 of the Dungeon.
You visited 1 branch of the dungeon, and saw 2 of its levels.

You collected 39 gold pieces.

Inventory:

Hand Weapons
 a - a +0 spear (weapon)
Missiles
 d - 5 boomerangs of dispersal (quivered)
Armour
 b - a +0 leather armour (worn)
Jewellery
 g - a ring of ice
Scrolls
 c - a scroll of blinking
 h - 2 scrolls of identify {unknown}
 i - a scroll of immolation {unknown}
Potions
 e - a potion of mutation
 j - a potion of curing {unknown}


   Skills:
 + Level 2.7 Fighting
 * Level 3.7 Polearms
 - Level 1.0 Throwing
 - Level 1.1 Armour
 - Level 2.1 Dodging
 + Level 2.0 Spellcasting
 - Level 2.4 Translocations


You had 6 spell levels left.
You didn't know any spells.
Your spell library contained the following spells:

 Spells                   Type           Power      Damage    Failure   Level
 Blink                    Tloc           N/A        N/A       19%         2
 Gell's Gravitas          Tloc           4%         N/A       34%         3
 Lesser Beckoning         Tloc           4%         N/A       34%         3
 Teleport Other           Tloc           8%         N/A       34%         3
 Manifold Assault         Tloc           8%         N/A       97%         5


Dungeon Overview and Level Annotations

Branches:
Dungeon (2/15)

Altars:


Innate Abilities, Weirdness & Mutations

You have a beak for a mouth.
You have claws for feet.
You have a pair of antennae on your head.
You evolve.
You expend magic power (3 MP) to strengthen your wands.


Message History

The adder is heavily wounded.
You feel sick. The adder barely misses you. The adder bites you.
You are more poisoned.
The adder poisons you!
You take 4 damage, and have 16/22 hp.
You hit the adder.
The adder is heavily wounded.
You feel sick. The adder barely misses you.
You take 2 damage, and have 14/22 hp.
You hit the adder.
The adder is severely wounded.
You feel sick. The adder barely misses you.
You take 2 damage, and have 12/22 hp.
You miss the adder.
The adder is severely wounded.
You feel sick. The adder bites you.
You take 4 damage, and have 8/22 hp.
You are too injured to fight recklessly!
You closely miss the adder.
The adder is severely wounded.
You feel sick. The adder bites you.
* * * LOW HITPOINT WARNING * * *
You take 3 damage, and have 5/22 hp.
It was a potion of mutation.
You feel extremely strange. A pair of antennae grows on your head!
The antennae on your head grow some more.
You feel nature experimenting on you.
Don't worry, failures die fast.
You feel your magical essence link to the dungeon's wands.
* * * LOW HITPOINT WARNING * * *
You feel sick. The adder barely misses you. The adder bites you.
* * * LOW HITPOINT WARNING * * *
You are more poisoned.
The adder poisons you!
You take 4 damage, and have 1/22 hp.
It was a potion of ambrosia.
You are confused.
You feel invigorated.
* * * LOW HITPOINT WARNING * * *
You feel sick. The adder bites you.
You die...

#.....♣♣ ♣..#
####.###..♣♣ ♣..#
............♣♣♣..#
..#..####.......#
..... ##....###
#.#.#.#######..#
#.......# ####.##
#.#.#.#.###....^#
).....S@..#.###.#
..#.#.#.#.#.# #.#
..........# #.##
#..##...#.###..#
.............##†##
#.#.#...#.#.#.##..#
# #....#....†..#.#
#.#.#...#.#.#.#.#
...#............#


You could see an adder.

Vanquished Creatures
  2 adders (D:2)
  3 dart slugs (D:1)
  4 ball pythons (D:1)
  An endoplasm (D:1)
  A goblin (D:1)
  4 hobgoblins (D:1)
  2 bats (D:1)
  2 frilled lizards (D:1)
  A kobold (D:1)
  3 rats (D:1)
23 creatures vanquished.

Notes
Turn   | Place    | Note
-------+----------+-------------------------------------------
     0 | D:1      | gimp the Tengu Warper began the quest for the Orb.
     0 | D:1      | Reached XP level 1. HP: 12/12 MP: 4/4
   201 | D:1      | Reached XP level 2. HP: 17/17 MP: 6/6
   305 | D:1      | Reached skill level 3 in Polearms
   706 | D:1      | Reached XP level 3. HP: 21/22 MP: 7/7
   993 | D:2      | Gained mutation: You have a pair of small antennae on your
                  | head. [potion of mutation]
   993 | D:2      | Gained mutation: You have a pair of antennae on your head.
                  | [potion of mutation]
   993 | D:2      | Gained mutation: You evolve. [potion of mutation]
   993 | D:2      | Gained mutation: You expend magic power (3 MP) to
                  | strengthen your wands. [potion of mutation]
   993 | D:2      | HP: 1/22 [adder (3)]
   994 | D:2      | Slain by an adder

Illustrated notes

Levels and vault maps discovered:
D:1:      dpeg_arrival_rooms_c, layout_basic
D:2:      layout_loops_ring, basic_altar, dilly_ecumenical_altar_fadedgnrine,
          hangedman_decor_riveting, uniq_robin

Skill      XL: |  1  2 |
---------------+-------+-----
Polearms       | 3 |  3.7
Fighting       | |  2.7
Throwing       | |  1.0
Armour         | |  1.1
Dodging        | |  2.1
Spellcasting   | |  2.0
Translocations | |  2.4

Action                   || total
-------------------------++-------
Melee: Spear             ||    65
       Peck              ||     7
       Kick              ||     9
  Use: Potion            ||     2
 Stab: Sleeping          ||     2
Armor: Leather armour    ||     5
Dodge: Dodged            ||    25
